Map: Romanticide LE

Players

MarcoMan

  • Race: Protoss Protoss
  • League: Master
  • Spawn Location: 11:00

ieLLiMo - Winner!

  • Race: Protoss Protoss
  • League: Master
  • Spawn Location: 5:00

VOD

Have the link to the VOD?

Description

Time

  • Played on: Jan. 15, 2021, 10:25 p.m.
  • Length: 9:43
Show
View Real Time Build Order
Export as new Build Order

MarcoMan Protoss 

Build Orders:  

Get SALT Encoding   

  12  0:00  Probe  
  13  0:12  Probe  
  14  0:18  Pylon  
  14  0:25  Probe  
  15  0:37  Probe  
  15  0:39  Gateway  
  16  0:48  Assimilator  
  16  0:49  Probe  
  17  0:58  Assimilator  
  17  1:01  Probe  
  18  1:13  Probe  
  18  1:14  Gateway  
  19  1:25  Probe  
  20  1:31  Cybernetics Core  
  20  1:37  Probe  
  21  1:43  Pylon  
  21  1:49  Probe  
  22  2:01  Probe  
  22  2:06  Adept x2 (Chrono Boost)  
  23  2:11  Warp Gate  
  27  2:23  Pylon  
  27  2:33  Stalker  
  27  2:35  Stalker  
  31  3:12  Nexus  
  31  3:20  Stargate  
  31  3:27  Stalker  
  31  3:29  Stalker  
  35  4:00  Probe  
  36  4:04  Oracle (Chrono Boost)  
  33  4:12  Probe  
  33  4:15  Stalker  
  33  4:16  Shield Battery  
  34  4:22  Stalker  
  36  4:24  Probe  
  36  4:25  Probe  
  36  4:30  Robotics Facility  
  38  4:36  Probe  
  38  4:37  Probe  
  40  4:44  Oracle (Chrono Boost)  
  40  4:50  Probe (Chrono Boost)  
  45  4:53  Probe (Chrono Boost)  
  46  5:00  Probe (Chrono Boost)  
  46  5:01  Forge  
  46  5:03  Probe (Chrono Boost)  
  46  5:04  Probe (Chrono Boost)  
  48  5:15  Probe  
  48  5:20  Immortal  
  53  5:21  Probe  
  53  5:27  Pylon  
  54  5:33  Protoss Ground Weapons Level 1  
  54  5:40  Pylon  
  54  5:45  Probe x2  
  56  5:50  Gateway  
  56  5:57  Probe x2  
  56  6:02  Void Ray  
  58  6:09  Probe x2  
  64  6:13  Robotics Bay  
  64  6:14  Pylon  
  64  6:16  Photon Cannon  
  64  6:22  Assimilator  
  64  6:24  Assimilator  
  64  6:25  Observer  
  65  6:34  Probe  
  65  6:35  Pylon  
  65  6:36  Stalker x2  
  70  6:54  Probe  
  70  6:59  Disruptor (Chrono Boost)  
  71  7:03  Nexus  
  71  7:05  Pylon  
  71  7:07  Pylon  
  74  7:09  Gateway, Pylon  
  74  7:11  Probe  
  74  7:12  Probe, Photon Cannon  
  76  7:25  Photon Cannon  
  76  7:28  Disruptor  
  79  7:32  Probe  
  79  7:33  Probe  
  81  7:37  Twilight Council  
  81  7:44  Probe  
  81  7:45  Probe  
  83  7:51  Void Ray (Chrono Boost)  
  83  7:56  Probe  
  83  7:57  Probe  
  79  8:03  Disruptor  
  86  8:05  Gateway  
  86  8:08  Probe  
  86  8:09  Probe  
  88  8:16  Photon Cannon  
  88  8:20  Probe  
  88  8:21  Probe  
  90  8:30  Probe  
  90  8:33  Probe  
  90  8:34  Probe  
  93  8:41  Stargate  
  93  8:42  Probe  
  93  8:45  Photon Cannon, Probe  
  95  8:49  Shield Battery  
  95  8:56  Stalker x4  
  96  9:05  Stalker  
  89  9:20  Stalker x3  
  74  9:35  Stalker x2  
Show
View Real Time Build Order
Export as new Build Order

ieLLiMo Protoss - Winner!

Build Orders: Phoenix Opening 

Get SALT Encoding   

  12  0:00  Probe  
  13  0:12  Probe  
  14  0:16  Pylon  
  14  0:24  Probe (Chrono Boost)  
  16  0:36  Probe (Chrono Boost)  
  16  0:37  Gateway  
  16  0:43  Probe (Chrono Boost)  
  16  0:46  Assimilator  
  17  0:50  Probe  
  17  0:54  Assimilator  
  18  1:03  Probe (Chrono Boost)  
  19  1:10  Gateway  
  19  1:13  Probe (Chrono Boost)  
  19  1:18  Probe (Chrono Boost)  
  20  1:24  Cybernetics Core  
  21  1:29  Probe  
  22  1:34  Pylon  
  22  1:41  Probe  
  23  1:53  Probe  
  24  2:02  Stalker, Sentry  
  28  2:16  Probe  
  28  2:21  Pylon  
  28  2:22  Pylon  
  31  2:30  Sentry  
  31  2:39  Stalker, Probe  
  31  2:42  Nexus  
  34  2:49  Phoenix  
  34  3:00  Probe, Robotics Facility  
  34  3:02  Warp Gate (Chrono Boost)  
  35  3:12  Probe  
  36  3:13  Sentry  
  36  3:14  Pylon  
  38  3:24  Probe  
  39  3:29  Forge  
  39  3:37  Stalker  
  39  3:39  Stalker  
  41  3:52  Probe  
  32  4:07  Stalker  
  32  4:09  Stalker  
  35  4:10  Probe x2  
  36  4:26  Immortal (Chrono Boost)  
  40  4:31  Probe  
  41  4:38  Protoss Ground Weapons Level 1 (Chrono Boost)  
  41  4:39  Probe  
  41  4:43  Probe  
  43  4:51  Probe  
  44  4:56  Probe (Chrono Boost)  
  44  4:58  Observer  
  46  5:02  Twilight Council  
  46  5:03  Probe (Chrono Boost)  
  47  5:14  Probe (Chrono Boost)  
  47  5:15  Probe (Chrono Boost)  
  47  5:19  Probe (Chrono Boost)  
  47  5:20  Probe (Chrono Boost)  
  49  5:21  Photon Cannon  
  49  5:25  Photon Cannon  
  49  5:29  Probe  
  49  5:32  Probe  
  49  5:33  Blink (Chrono Boost)  
  51  5:42  Probe  
  52  5:44  Probe  
  53  5:51  Assimilator  
  53  5:53  Assimilator  
  53  5:54  Probe  
  53  5:56  Probe  
  55  6:02  Pylon  
  55  6:06  Probe  
  56  6:12  Probe  
  56  6:18  Probe  
  58  6:22  Pylon  
  58  6:23  Stalker x2  
  62  6:25  Probe  
  62  6:30  Probe  
  64  6:42  Probe x2  
  64  6:43  Nexus  
  65  6:54  Probe x2, Protoss Ground Weapons Level 2 (Chrono Boost)  
  65  6:55  Stalker x2  
  65  6:58  Gateway  
  65  6:59  Gateway  
  71  7:06  Probe  
  71  7:07  Gateway  
  72  7:13  Probe  
  73  7:17  Templar Archives  
  73  7:18  Probe  
  73  7:19  Gateway  
  74  7:24  Pylon  
  74  7:25  Probe  
  74  7:29  Charge  
  75  7:33  Warp Prism  
  77  7:42  Pylon  
  77  7:54  High Templar  
  77  7:55  High Templar x3  
  85  7:59  Pylon  
  85  8:01  Gateway  
  85  8:02  Gateway  
  85  8:08  Pylon  
  85  8:09  Archon x2  
  85  8:11  Stalker  
  87  8:34  Stalker x4  
  87  8:35  Stalker x2  
  99  8:46  Immortal  
  96  9:05  Stalker x4  
  96  9:06  Stalker x2  
  96  9:07  Zealot  
  96  9:08  Zealot  
  96  9:09  Probe x3  
  91  9:29  Stalker x2  
  91  9:30  Stalker  
  91  9:31  Zealot x4  
  93  9:40  Stalker  
Tags
 
Matchup
PvP
Replay Pack
Weekend
Spawn Locations
Cross Positions
Add a new tag
Caveats
  • Supply blocks, unpowered buildings, or Contaminate may cause inaccurate times.
  • Supply counts are checked every 10 seconds.